 Dungeon Crawl Stone Soup version 0.27.1-35-g4d5d836560 (console) character file.

Game seed: 1462835071729325508

5086 grimtooth the Spear-Bearer (level 10, -2/88 HPs)
             Began as a Merfolk Ice Elementalist on Apr 19, 2022.
             Was a Priest of Fedhas.
             Slain by an orc warrior (13 damage)
             ... in a bailey on Apr 20, 2022.
             The game lasted 00:43:33 (8371 turns).

grimtooth the Spear-Bearer (MfIE)                   Turns: 8371, Time: 00:43:34

Health: -2/88      AC:  5    Str: 14    XL:     10   Next: 57%
Magic:  11/16      EV: 16    Int: 15    God:    Fedhas [***...]
Gold:   405        SH:  0    Dex: 15    Spells: 10/17 levels left

rFire    x . .     SeeInvis .   a - +0 trident
rCold    + . .     Faith    .   (no shield)
rNeg     . . .     Spirit   .   v - +0 leather armour
rPois    .         Reflect  .   K - +0 helmet
rElec    .         Harm     .   q - +0 cloak
rCorr    .         Rampage  .   (no gloves)
Will     +....                  (no boots)
Stlth    ++........             (no amulet)
HPRegen  0.24/turn              M - ring of Ehyfom {Will+ Str+3}
MPRegen  0.15/turn              d - ring of ice

@: mighty, about to teleport
A: (nimble swimmer 2), mertail
a: Renounce Religion, Wall of Briars, Grow Ballistomycete


You were in a bailey.
You worshipped Fedhas.
Fedhas was most pleased with you.
You visited 2 branches of the dungeon, and saw 9 of its levels.
You also visited: Bailey.

You collected 405 gold pieces.

Inventory:

Hand Weapons
 a - a +0 trident (weapon)
 b - a +0 hunting sling
 e - a +2 dagger of venom
Missiles
 c - 16 sling bullets
 i - 41 poisoned darts (quivered)
 D - 2 javelins
 E - 74 stones
 F - 5 boomerangs
 I - a throwing net {=f}
Armour
 q - a +0 cloak (worn)
 v - a +0 leather armour (worn)
 x - +0 fire dragon scales
 A - a +0 robe
 K - a +0 helmet (worn)
Jewellery
 d - a ring of ice (right hand)
 n - a +6 ring of intelligence
 y - a ring of fire
 B - a ring of protection from fire
 M - the ring of Ehyfom (left hand) {Will+ Str+3}
   (You took it off an orc in a bailey)

   [ring of willpower]

   Str:       It affects your strength (+3).
   Will:      It increases your willpower.
Scrolls
 h - 2 scrolls of enchant weapon {unknown}
 j - a scroll of amnesia {unknown}
 k - a scroll of enchant armour {unknown}
 l - 3 scrolls of teleportation
 m - 2 scrolls of magic mapping {unknown}
 p - a scroll of brand weapon {unknown}
 s - 2 scrolls of blinking {unknown}
 t - a scroll of silence {unknown}
 u - a scroll of fear {unknown}
 z - 2 scrolls of fog {unknown}
 G - a scroll of immolation {unknown}
 H - 2 scrolls of noise {unknown}
 J - 2 scrolls of summoning
 O - a scroll of acquirement
Potions
 f - a potion of mutation
 g - 4 potions of attraction
 o - 2 potions of berserk rage {unknown}
 w - 2 potions of curing
 C - a potion of resistance
 L - a potion of invisibility {unknown}
 P - a potion of cancellation {unknown}


   Skills:
 - Level 11.4 Fighting
 - Level 11.5 Polearms
 - Level 9.0 Dodging
 - Level 2.1 Stealth
 - Level 4.0 Spellcasting
 - Level 6.0 Ice Magic
 + Level 5.7 Invocations


You had 10 spell levels left.
You knew the following spells:

 Your Spells              Type           Power      Damage    Failure   Level
a - Freeze                Ice            100%       1d11      1%          1
b - Frozen Ramparts       Ice            62%        1d8       6%          3
c - Ozocubu's Armour      Ice            31%        N/A       6%          3

Your spell library contained the following spells:

 Spells                   Type           Power      Damage    Failure   Level
 Beastly Appendage        Tmut           6%         N/A       22%         1
 Sting                    Tmut/Pois      12%        1d3       22%         1
 Corpse Rot               Necr/Air       N/A        N/A       34%         2
 Poisonous Vapours        Pois/Air       6%         N/A       34%         2
 Wereblood                Tmut           3%         N/A       34%         2
 Hailstorm                Conj/Ice       18%        3d6       54%         4
 Spider Form              Tmut/Pois      1%         N/A       56%         3
 Dispel Undead            Necr           3%         3d7       92%         4
 Olgreb's Toxic Radiance  Pois           3%         N/A       92%         4
 Death Channel            Necr           1%         N/A       100%        6


Dungeon Overview and Level Annotations

Branches:
Dungeon (8/15)             Temple (1/1) D:4          Bailey (1/1)
   Lair: D:8-11

Altars:
Ashenzari
Cheibriados
Dithmenos
Fedhas
Gozag
Hepliaklqana
Kikubaaqudgha
Makhleb
Nemelex Xobeh
Okawaru
Qazlal
Ru
Sif Muna
Trog
Vehumet
Wu Jian
Xom
Yredelemnul
Zin
The Shining One

Annotations:
D:8 Harold


Innate Abilities, Weirdness & Mutations

((You are quick and stealthy near water. (Stealth+, EV+, Speed+++)))
Your lower body shifts to a powerful aquatic tail in water.


Message History

The orc warlord hits your gnoll with a +0 great mace.
Your gnoll dies!
Your gnoll's corpse dissolves into shadows!
Your gnoll barely misses the orc warlord.
Your gnoll hits the orc warlord but does no damage.
Okay, then.
Press: ? - help, v - describe, . - travel
Here: a gnoll, wielding a +0 hand axe and wearing a +0 leather armour (almost dead)
The floor.
The goblin barely misses you. The hobgoblin misses your gnoll.
The hobgoblin hits your gnoll with a +0 hand axe!
Your gnoll dies!
Your gnoll's corpse dissolves into shadows!
You feel more experienced!
Your Fighting skill gained 5 levels and is now at level 11!
Your Polearms skill gained 4 levels and is now at level 11!
Training target 9.0 for Fighting reached!
Training target 9.0 for Polearms reached!
You have reached level 10!
You feel agile.
Your gnoll closely misses the gnoll.
The goblin closely misses you.
Your gnoll hits the hobgoblin with a +0 whip!
The hobgoblin dies!
Fedhas appreciates your contribution to the ecosystem.
The hobgoblin barely misses your gnoll.
The hobgoblin hits your gnoll with a +0 hand axe.
The goblin barely misses you.
Your gnoll hits the gnoll with a +0 spear.
The gnoll dies!
Fedhas appreciates your contribution to the ecosystem.
The goblin completely misses you.
As you read the scroll of teleportation, it crumbles to dust.
You feel strangely unstable.
Your gnoll closely misses the goblin.
The goblin hits you with a +0 hand axe.
* * * LOW HITPOINT WARNING * * *
The hobgoblin hits your gnoll with a +0 hand axe.
Your gnoll hits the hobgoblin with a +0 spear.
The orc warrior hits you with a +0 war axe!
You die...
Fedhas appreciates your contribution to the ecosystem.

####### ##..∩??##
#....g..# ##..ggo..##
#)....o.@.#
##).gg..o..##
#######...).⌠.....#
##.....##)........##.
#.......))).......'..
#.......##.......##.
.........#.......# ..
......)..##88.88## .
....⌠.....###'###
...)...o.## ...#
....o....# .....


You could see an orc warlord (strong), an orc knight (strong, ally target), an
orc warrior (strong), a hobgoblin (ally target), 2 goblins and 2 friendly
gnolls.

Vanquished Creatures
  2 water moccasins (D:5)
  5 orc warriors (Bailey)
  A black bear (D:4)
  A hornet zombie (D:7)
  A sky beast (D:6)
  A centaur (D:6)
  3 bullfrogs
  2 scorpions
  A gnoll sergeant (D:6)
  A wyvern skeleton (D:7)
  4 wights (D:8)
  A bullfrog zombie (D:7)
  A hound (D:7)
  6 orc priests
  2 centaur skeletons
  A scorpion zombie (D:5)
  3 iguanas
  7 orc wizards
  A howler monkey zombie (D:5)
  12 gnolls
  3 adders
  2 white imps
  2 worms
  31 orcs
  3 ball pythons
  11 endoplasms
  3 giant cockroaches
  17 goblins
  21 hobgoblins
  2 jackals (D:1)
  7 kobolds
  5 quokkas
  10 bats
  4 frilled lizards
  8 rats
185 creatures vanquished.

Vanquished Creatures (collateral kills)
  A gnoll (Bailey)
  An orc (Bailey)
  A goblin (Bailey)
  A hobgoblin (Bailey)
4 creatures vanquished.

Grand Total: 189 creatures vanquished

Notes
Turn   | Place    | Note
-------+----------+-------------------------------------------
     0 | D:1      | grimtooth the Merfolk Ice Elementalist began the quest for
                  | the Orb.
     0 | D:1      | Reached XP level 1. HP: 13/13 MP: 3/3
   114 | D:1      | Found a faded altar of an unknown god.
   330 | D:1      | Reached XP level 2. HP: 12/19 MP: 3/5
   428 | D:1      | You fall into a shaft and drop 1 floor!
   695 | D:2      | Found a snail-covered altar of Cheibriados.
   826 | D:2      | Reached XP level 3. HP: 24/24 MP: 1/6
   854 | D:2      | Reached skill level 5 in Ice Magic
  1364 | D:1      | Reached XP level 4. HP: 27/30 MP: 4/8
  1943 | D:2      | Learned a level 3 spell: Frozen Ramparts
  1947 | D:2      | Learned a level 3 spell: Ozocubu's Armour
  2201 | D:3      | Reached XP level 5. HP: 14/35 MP: 0/10
  2879 | D:4      | Reached skill level 1 in Fighting
  2975 | D:4      | Reached XP level 6. HP: 43/43 MP: 9/12
  3442 | D:4      | Found a staircase to the Ecumenical Temple.
  3547 | D:4      | Found a large runed translucent door.
  3547 | D:4      | Found a large runed translucent door.
  3550 | D:4      | Found a shimmering altar of Xom.
  3714 | Temple   | Entered the Ecumenical Temple
  3880 | Temple   | Became a worshipper of Fedhas Madash
  3941 | D:4      | Noticed a black bear
  3957 | D:4      | Killed a black bear
  3958 | D:4      | Reached skill level 5 in Dodging
  3958 | D:4      | Reached XP level 7. HP: 48/52 MP: 5/13
  4342 | D:4      | Found a shimmering blue altar of Sif Muna.
  4380 | D:5      | Entered Level 5 of the Dungeon
  4617 | D:5      | Found a bloodstained altar of Trog.
  4652 | D:5      | Found a burning altar of Makhleb.
  4748 | D:5      | Reached * piety under Fedhas
  4943 | D:5      | Reached skill level 5 in Fighting
  5108 | D:5      | Reached XP level 8. HP: 42/62 MP: 10/14
  6365 | D:6      | Reached skill level 1 in Polearms
  6604 | D:6      | Reached skill level 1 in Invocations
  6723 | D:7      | Reached ** piety under Fedhas
  6920 | D:7      | Reached XP level 9. HP: 69/69 MP: 9/15
  6969 | D:7      | You fall into a shaft and drop 1 floor!
  7110 | D:8      | Noticed Harold
  7193 | D:8      | Reached skill level 5 in Polearms
  7241 | D:8      | Found a flagged portal.
  7328 | Bailey   | Entered a bailey
  7797 | Bailey   | Reached *** piety under Fedhas
  7940 | Bailey   | Reached skill level 5 in Invocations
  8148 | Bailey   | Identified the ring of Ehyfom {Will+ Str+3}
  8273 | Bailey   | Noticed an orc warlord
  8347 | Bailey   | Noticed an orc knight
  8364 | Bailey   | - not good
  8368 | Bailey   | Reached XP level 10. HP: 14/88 MP: 11/16
  8371 | Bailey   | Slain by an orc warrior

Illustrated notes

###### ##..∩??##
#.......# ##.......##
#)@..g....#
##ogg......##
#######.go).⌠.....#
##.....##)gg......##.
#.......go).g...g.'..
##.......##.......##
#.........#.......#
##......)..##88.88##
#.....⌠.....###'###
##...)...o.## ...#
#....o....# .....


Turn 8364 on Bailey: - not good

Levels and vault maps discovered:
D:1:      evilmike_arrival_rings, layout_basic,
          hellmonk_ecumenical_altar_heavens_door
D:2:      layout_rooms, basic_altar
D:3:      layout_rooms
D:4:      due_chaos_kobolds, layout_basic, lemuel_blue_sif_altar,
          minmay_temple_entry_slanted, dk_noncrumbling_4,
          kennysheep_generic_room_9
D:5:      layout_basic, mainiacjoe_overflow_large_starburst
D:6:      layout_gridville
D:7:      layout_rooms, minmay_misc_feat_room, chequers_serial_rivers_large_b,
          amcnicky_mini_rare_corridor_liquid
D:8:      layout_loops_ring, lemuel_coloured_pillars_altar, enter_bailey_4,
          uniq_grum, uniq_harold
Temple:   minmay_crystal_spiral_temple
Bailey:   bailey_axe_minmay_hex_keep, bailey

Skill      XL: |  1  2  3  4  5  6  7  8  9 |
---------------+----------------------------+-----
Ice Magic      | 5 6 |  6.0
Spellcasting   | 3 4 |  4.0
Dodging        | 3 5 6 9 |  9.0
Fighting       | 1 3 5 6 11 | 11.4
Polearms       | 4 11 | 11.5
Invocations    | 3 5 |  5.7
Stealth        | |  2.1

Action                   |  1- 3 |  4- 6 |  7- 9 | 10-12 || total
-------------------------+-------+-------+-------+-------++-------
Melee: Unarmed           |     2 |     6 |       |       ||     8
       Trident           |       |     2 |   438 |       ||   440
       Tailslap          |       |       |     1 |       ||     1
 Fire: Hunting sling     |       |       |    16 |       ||    16
Throw: Stone             |    85 |    15 |       |       ||   100
       Dart              |       |    18 |    73 |       ||    91
 Cast: Freeze            |    61 |    61 |    39 |       ||   161
       Frozen Ramparts   |       |     2 |    13 |       ||    15
       Ozocubu's Armour  |       |     2 |    34 |       ||    36
  Use: Scroll            |       |       |     9 |     1 ||    10
       Potion            |       |       |     2 |       ||     2
 Stab: Sleeping          |       |       |     1 |       ||     1
Armor: Robe              |    18 |     4 |       |       ||    22
       Leather armour    |       |     9 |   130 |       ||   139
Dodge: Dodged            |    37 |    45 |   374 |     3 ||   459
